 Dungeon Crawl Stone Soup version 0.27.0-1-g7a089689b8 (webtiles) character file.

Game seed: 13399563414290023975

4746 GordonOverkill the Cleaver (level 10, -28/85 HPs)
             Began as a Palentonga Monk on Aug 9, 2021.
             Was an Elder of Okawaru.
             Annihilated by a boulder beetle (59 damage)
             ... on level 8 of the Dungeon.
             The game lasted 00:25:18 (11937 turns).

GordonOverkill the Cleaver (Palentonga Monk)       Turns: 11937, Time: 00:25:18

Health: -28/85     AC: 17    Str: 19    XL:     10   Next: 23%
Magic:  13/13      EV: 10    Int: 17    God:    Okawaru [****..]
Gold:   61         SH:  5    Dex: 18    Spells: 9/9 levels left

rFire    + . .     SeeInvis +   h - +2 dagger (elec)
rCold    . . .     Faith    .   n - +0 buckler
rNeg     . . .     Spirit   .   d - +3 leather armour {rF+}
rPois    .         Reflect  .   w - +0 helmet {Int+3}
rElec    .         Harm     .   a - +1 cloak of a ziggurat {Int+4}
rCorr    .         Rampage  .   (no gloves)
Will     +....                  (no barding)
Stlth    ++........             e - amulet of regeneration
HPRegen  1.24/turn              b - ring of willpower
MPRegen  0.13/turn              c - +6 ring of dexterity

@: curled up
A: large, rugged brown scales 3, see invisible, deformed body, roll 1, armoured
tail, reflexive curl
a: Rolling Charge, Renounce Religion, Heroism


You were on level 8 of the Dungeon.
You worshipped Okawaru.
Okawaru was greatly pleased with you.
You visited 2 branches of the dungeon, and saw 9 of its levels.

You collected 369 gold pieces.
You spent 308 gold pieces at shops.

Inventory:

Hand Weapons
 h - a +2 dagger of electrocution (weapon)
 y - a +0 war axe
Missiles
 l - 7 poisoned darts (quivered)
Armour
 a - the +1 cloak of a ziggurat (worn) {Int+4}
   (You bought it in a shop on level 7 of the Dungeon)

   Int:       It affects your intelligence (+4).
 d - a +3 leather armour of fire resistance (worn)
 n - a +0 buckler (worn)
 w - a +0 helmet of intelligence (worn)
Jewellery
 b - a ring of willpower (left hand)
 c - a +6 ring of dexterity (right hand)
 e - an amulet of regeneration (around neck)
Wands
 i - a wand of charming (7)
 r - a wand of iceblast (17)
Scrolls
 g - 3 scrolls of vulnerability
 j - 2 scrolls of magic mapping
 k - a scroll of fog
 o - a scroll of immolation
 v - a scroll of teleportation {unknown}
 x - a scroll of fear
Potions
 f - a potion of attraction {unknown}
 p - 2 potions of flight
 q - a potion of resistance {unknown}
 t - a potion of brilliance {unknown}
 z - a potion of heal wounds {unknown}


   Skills:
 + Level 7.8 Fighting
 * Level 10.7 Axes
 - Level 2.0 Throwing
 - Level 2.4 Dodging
 - Level 1.2 Stealth
 - Level 3.0 Shields
 + Level 4.9 Invocations
 - Level 4.0 Evocations


You had 9 spell levels left.
You didn't know any spells.
Your spell library contained the following spells:

 Spells                   Type           Power      Damage    Failure   Level
 Animate Skeleton         Necr           0%         N/A       28%         1
 Apportation              Tloc           0%         N/A       28%         1
 Corona                   Hex            0%         N/A       28%         1
 Summon Small Mammal      Summ           0%         N/A       28%         1
 Ensorcelled Hibernation  Hex/Ice        0%         N/A       38%         2
 Spider Form              Tmut/Pois      0%         N/A       63%         3
 Tukima's Dance           Hex            0%         N/A       63%         3
 Passage of Golubria      Tloc           N/A        N/A       95%         4
 Yara's Violent Unravell  Hex/Tmut       0%         3d3       100%        5
 Conjure Ball Lightning   Conj/Air       0%         3x3d6     100%        6
 Shadow Creatures         Summ           N/A        N/A       100%        6
 Discord                  Hex            0%         N/A       100%        8
 Disjunction              Tloc           0%         N/A       100%        8


Dungeon Overview and Level Annotations

Branches:
Dungeon (8/15)             Temple (1/1) D:5
   Lair: D:8-11

Altars:
Ashenzari
Cheibriados
Dithmenos
Elyvilon
Fedhas
Gozag
Kikubaaqudgha
Makhleb
Nemelex Xobeh
Okawaru
Qazlal
Ru
Sif Muna
Trog
Uskayaw
Vehumet
Wu Jian
Xom
Yredelemnul
Zin
The Shining One

Shops:
D:2 ?   D:3 (   D:7 [

Annotations:
D:6 exclusion: oklob plant
D:8 Maurice


Innate Abilities, Weirdness & Mutations

You are completely covered in rugged brown scales. (AC +3, +7% HP)
You have supernaturally acute eyesight. (SInv)
Armour fits poorly on your strangely shaped body.
You can roll at nearby foes to attack.
You have a long armoured tail.
You curl defensively after being hit.


Message History

The boulder beetle is moderately wounded.
The boulder beetle leaps!
What are your orders? t - Shout!
Orders for allies: a - Attack new target. p - Attack previous target. r - Retreat! s - Stop attacking. g - Guard the area. f - Follow me.
Anything else - Cancel.
Gang up on whom?
Press: ? - help, Dir - move target, f/p - boulder beetle
Aim: a boulder beetle (moderately wounded, ally target) Attack!
Maurice zaps a wand.
The puff of flame hits the boulder beetle!
Maurice disappears!
The boulder beetle curls into a ball and begins rolling!
You hit the boulder beetle but do no damage.
You tail-slap the boulder beetle, but do no damage.
The boulder beetle is moderately wounded.
The boulder beetle closely misses you.
The boulder beetle stops rolling and uncurls.
You barely miss the boulder beetle.
The boulder beetle is moderately wounded.
The boulder beetle bites you!
* * * LOW HITPOINT WARNING * * *
You hit the boulder beetle but do no damage.
You tail-slap the boulder beetle, but do no damage.
The boulder beetle is moderately wounded.
The boulder beetle misses you.
You hit the boulder beetle but do no damage.
The boulder beetle is moderately wounded.
The boulder beetle bites you.
* * * LOW HITPOINT WARNING * * *
The boulder beetle bites you!!
* * * LOW HITPOINT WARNING * * *
There is a stone staircase leading up, spattered with blood here.
The boulder beetle curls into a ball and begins rolling!
The boulder beetle hits you!!!
Ouch! That really hurt!
You die...

#### #..### #..<.##
########.##@†#
..........##B## +### .
..........##○.##...#...
..........###°#....(...
..........##○..........
...........B.###...##..
..........###..........
..........# #........#.
........... #.....##...


You could see a boulder beetle (rolling).

Vanquished Creatures
  Pikel (D:7)
  Maggie (D:7)
  Grinder (D:5)
  Sigmund (D:5)
  Menkaure (D:5)
  Duvessa (D:5)
  An orc warrior (D:6)
  2 black bears
  An ice beast (D:8)
  2 sky beasts
  2 necrophages
  2 ogres
  5 centaurs
  5 phantoms
  A lemure (D:7)
  2 scorpions
  A water moccasin zombie (D:6)
  Dowan (D:5)
  A water moccasin skeleton (D:6)
  6 killer bees
  9 wights (D:7)
  A howler monkey (D:7)
  A centaur zombie (D:7)
  11 jellies
  2 orc priests
  A hound (D:5)
  A bullfrog skeleton (D:5)
  3 iguanas
  2 orc wizards
  Terence (D:3)
  A hound zombie (D:5)
  A hound skeleton (D:4)
  6 adders
  A shadow imp (D:4)
  2 white imps
  An ufetubus (D:4)
  A worm (D:4)
  3 dart slugs
  13 orcs
  4 bats
  19 endoplasms
  A giant cockroach (D:1)
  8 goblins
  9 hobgoblins
  8 kobolds
  2 quokkas
  8 ball pythons
  A frilled lizard (D:3)
  6 rats
165 creatures vanquished.

Vanquished Creatures (others)
  5 bushes
  7 fungi (D:6)
12 creatures vanquished.

Grand Total: 177 creatures vanquished

Notes
Turn   | Place    | Note
-------+----------+-------------------------------------------
     0 | D:1      | GordonOverkill the Palentonga Monk began the quest for the
                  | Orb.
     0 | D:1      | Reached XP level 1. HP: 19/19 MP: 1/1
   226 | D:1      | Reached XP level 2. HP: 16/25 MP: 2/2
   644 | D:1      | Found a faded altar of an unknown god.
  1188 | D:2      | Reached skill level 4 in Axes
  1188 | D:2      | Reached XP level 3. HP: 11/31 MP: 3/3
  1736 | D:2      | Reached XP level 4. HP: 35/39 MP: 4/4
  1927 | D:2      | Found Oczifoga's Magic Scroll Shoppe.
  1934 | D:2      | Bought a scroll of identify for 24 gold pieces
  1934 | D:2      | Bought a scroll of magic mapping for 42 gold pieces
  1934 | D:2      | Bought a scroll of fog for 24 gold pieces
  2473 | D:3      | Found Sumecohyg's Antique Weapon Emporium.
  2520 | D:3      | Found a shimmering altar of Xom.
  2682 | D:3      | Noticed Terence
  2720 | D:3      | Killed Terence
  3247 | D:4      | Noticed a necrophage
  3306 | D:3      | Killed a necrophage
  3307 | D:3      | Reached skill level 5 in Axes
  3307 | D:3      | Reached skill level 1 in Throwing
  3307 | D:3      | Reached skill level 1 in Shields
  3307 | D:3      | Reached XP level 5. HP: 32/44 MP: 5/5
  3701 | D:4      | Found a stormy altar of Qazlal.
  3701 | D:4      | Noticed a phantom
  4089 | D:4      | Noticed a black bear
  4114 | D:4      | Killed a black bear
  4115 | D:4      | Reached XP level 6. HP: 40/52 MP: 6/6
  4882 | D:4      | Noticed a sky beast
  4893 | D:4      | Killed a sky beast
  4894 | D:4      | Reached skill level 6 in Axes
  4894 | D:4      | Gained mutation: You curl defensively after being hit.
                  | [Palentonga growth]
  4894 | D:4      | Reached XP level 7. HP: 51/58 MP: 7/7
  5203 | D:5      | Entered Level 5 of the Dungeon
  5416 | D:5      | Noticed Grinder
  5895 | D:4      | Reached skill level 5 in Fighting
  6307 | D:5      | Noticed Dowan
  6318 | D:5      | Noticed Menkaure
  6323 | D:5      | Noticed Duvessa
  6339 | D:5      | Killed Duvessa
  6340 | D:5      | Reached skill level 7 in Axes
  6340 | D:5      | Reached skill level 1 in Evocations
  6344 | D:5      | Killed Menkaure
  6345 | D:5      | Reached XP level 8. HP: 22/67 MP: 8/8
  7572 | D:5      | Killed Dowan
  7664 | D:5      | Noticed Sigmund
  7670 | D:5      | Killed Sigmund
  7671 | D:5      | Reached skill level 8 in Axes
  7671 | D:5      | Killed Grinder
  7928 | D:5      | Found a staircase to the Ecumenical Temple.
  7934 | Temple   | Entered the Ecumenical Temple
  8088 | Temple   | Became a worshipper of Warmaster Okawaru
  8088 | Temple   | Reached * piety under Okawaru
  8088 | Temple   | Reached ** piety under Okawaru
  8274 | D:5      | Reached XP level 9. HP: 73/74 MP: 9/9
  8718 | D:5      | Found a staircase to the Ecumenical Temple.
  9041 | D:6      | Reached skill level 1 in Invocations
  9351 | D:6      | Noticed an oklob plant
  9524 | D:6      | Reached skill level 9 in Axes
  9944 | D:6      | Found an opulent altar of Gozag.
  9960 | D:6      | Found a snail-covered altar of Cheibriados.
 10674 | D:6      | Found a snail-covered altar of Cheibriados.
 10702 | D:6      | Found an opulent altar of Gozag.
 11089 | D:7      | Reached *** piety under Okawaru
 11193 | D:7      | Noticed Pikel
 11199 | D:7      | Killed Pikel
 11200 | D:7      | Reached skill level 10 in Axes
 11319 | D:7      | Found Murchot's Antique Armour Shop.
 11329 | D:7      | Bought a spiked cloak for 218 gold pieces
 11329 | D:7      | Identified the +1 cloak of a ziggurat {Int+4} (You bought
                  | it in a shop on level 7 of the Dungeon)
 11331 | D:7      | Noticed Maggie
 11354 | D:7      | Killed Maggie
 11355 | D:7      | Reached XP level 10. HP: 61/84 MP: 10/13
 11584 | D:7      | Found an ancient bone altar of Kikubaaqudgha.
 11691 | D:8      | Noticed Maurice
 11739 | D:7      | Reached **** piety under Okawaru
 11878 | D:7      | Received a gift from Okawaru
 11894 | D:8      | Noticed a boulder beetle
 11937 | D:8      | Annihilated by a boulder beetle

Illustrated notes

Levels and vault maps discovered:
D:1:      lemuel_arrival_funnel, layout_basic,
          shapermc_ecumenical_altar_flowoftime, minmay_pentomino_w2
D:2:      layout_rooms, serial_shops, nicolae_shop_stone, minmay_diced_spiral
D:3:      layout_basic, old_standard_altar, serial_shops, nicolae_shop_crystal,
          kennysheep_cross_bottleneck, uniq_terence
D:4:      layout_basic, nicolae_overflow_crystal_walls, kennysheep_another_room,
          minmay_bisected
D:5:      layout_loops_ring, temple_green, uniq_sigmund, uniq_menkaure,
          uniq_duvessa, uniq_grinder
D:6:      lemuel_slime, layout_loops_ring, mainiacjoe_overflow_swirl,
          kb_lookout_dungeons_type
D:7:      layout_basic, mainiacjoe_overflow_cross_hatched, serial_shops,
          kennysheep_little_box, uniq_maggie, uniq_pikel
D:8:      layout_rooms, mainiacjoe_overflow_brackets, serial_shops,
          nicolae_stop_n_shop_2, minmay_misc_feat_encased, minmay_hedge_maze,
          eino_tiny_chamber, uniq_maurice
Temple:   regret_index_temple_sphere_string

Skill      XL: |  1  2  3  4  5  6  7  8  9 |
---------------+----------------------------+-----
Axes           | 4 5 6 7 8 10 | 10.7
Fighting       | 4 5 6 7 |  7.8
Throwing       | 1 2 |  2.0
Shields        | 1 2 3 |  3.0
Evocations     | 1 3 4 |  4.0
Invocations    | 4 |  4.9
Dodging        | |  2.4
Stealth        | |  1.2

Action                   |  1- 3 |  4- 6 |  7- 9 | 10-12 || total
-------------------------+-------+-------+-------+-------++-------
Melee: Hand axe          |    90 |   162 |   130 |       ||   382
       Tailslap          |    14 |    21 |    56 |    19 ||   110
       Dagger            |       |       |   187 |    85 ||   272
Throw: Dart              |       |    53 |    10 |       ||    63
       Throwing net      |       |     1 |       |       ||     1
Invok: Heroism           |       |       |     2 |       ||     2
 Abil: Rolling Charge    |    22 |     9 |    41 |    10 ||    82
Evoke: Wand              |       |       |     2 |     2 ||     4
  Use: Scroll            |       |     6 |     3 |     1 ||    10
       Potion            |       |     2 |     3 |       ||     5
 Stab: Sleeping          |     2 |       |       |       ||     2
Armor: Robe              |    14 |     1 |       |       ||    15
       Scale mail        |       |    55 |    45 |       ||   100
       Leather armour    |       |       |    50 |    61 ||   111
Dodge: Dodged            |    35 |    56 |   132 |    68 ||   291
Block: Buckler           |       |    26 |    70 |    25 ||   121
